 Dungeon Crawl Stone Soup version 0.31-a0-1529-g7bd419a0e5 (webtiles) character file.

Game seed: 7060798333104903328

1770651 jestert79 the Ruinous (level 27, 241/251 HPs)
             Began as a Yellow Draconian Air Elementalist on Dec 28, 2023.
             Was the Champion of Sif Muna.
             Escaped with the Orb
             ... and 4 runes on Dec 31, 2023!
             The game lasted 13:33:11 (120118 turns).

jestert79 the Ruinous (DrAE)                      Turns: 120118, Time: 13:33:12

Health: 241/251    AC: 23    Str: 13    XL:     27
Magic:  42/53      EV: 20    Int: 38    God:    Sif Muna [******]
Gold:   7394       SH: 16    Dex: 14    Spells: 1/66 levels left

rFire   + + .        a - +6 Majin-Bo {spellvamp, MP+6 Int+6}
rCold   + + .        I - +4 kite shield {reflect}
rNeg    . . .        (body armour unavailable)
rPois   +            r - +2 hood of the Assassin {Detect Stab+ Stlth++}
rElec   .            D - +2 cloak {rPois}
rCorr   +            E - +1 pair of gloves "Iliruaq" {rC++}
SInv    +            O - +2 pair of boots {Fly}
Will    +++..        k - amulet "Seix Get Gant" {Regen+ Str+3}
Stlth   ++           H - ring of willpower
HPRegen 1.41/turn    C - ring "Ysaul" {Fly rF+ Int+6 SInv}
MPRegen 0.33/turn

%: reflection
@: flying, studying 6 skills
A: spit acid, AC +13, unfitting armour, acidic bite, cold-blooded, acid
resistance, horns 1, dopey 1, fire resistance 1
0: Orb of Zot
}: 4/15 runes: serpentine, barnacled, slimy, silver
a: Breathe Acid, Renounce Religion, Channel Magic, Forget Spell, Divine Exegesis


You escaped.
You worshipped Sif Muna.
Sif Muna was exalted by your worship.
You visited 12 branches of the dungeon, and saw 56 of its levels.
You also visited: Trove, Sewer, Bailey, Gauntlet, Volcano and Wizlab.

You collected 11673 gold pieces.
You spent 4279 gold pieces at shops.

Inventory:

Hand Weapons
 a - the +6 Majin-Bo (weapon) {spellvamp, MP+6 Int+6}
   (You found it on level 3 of the Crypt)

   Int+6:     It affects your intelligence (+6).
   MP+6:      It affects your magic capacity (+6).
Armour
 r - the +2 hood of the Assassin (worn) {Detect Stab+ Stlth++}
   (You bought it in a shop on level 2 of the Orcish Mines)

   Detect:    It allows the wearer to sense nearby creatures.
   Stab+:     It allows the wearer to make particularly effective stabbing
   attacks against helpless or unaware enemies with any weapon.
   Stlth++:   It makes you much more stealthy.
 D - a +2 cloak of poison resistance (worn)
 E - the +1 pair of gloves "Iliruaq" (worn) {rC++}
   (You acquired it on level 3 of the Elven Halls)

   rC++:      It greatly protects you from cold.
 I - a +4 kite shield of reflection (worn)
 O - a +2 pair of boots of flying (worn)
Magical Staves
 b - the staff "Xitiol" {rPois Str+5 Dex-2 Conj Necro}
   (You found it on level 4 of the Shoals)

   [staff of conjuration]

   Base accuracy: +5 Base damage: 5 Base attack delay: 1.2 This weapon's minimum
   attack delay (0.6) is reached at skill level 12.
   Str+5:     It affects your strength (+5).
   Dex-2:     It affects your dexterity (-2).
   rPois:     It protects you from poison Conj: It increases the power of your
   Conjurations spells.
   Necro:     It increases the power of your Necromancy spells.
   It falls into the 'Staves' category.
   It is a one-handed weapon.
Jewellery
 k - the amulet "Seix Get Gant" (around neck) {Regen+ Str+3}
   (You found it on level 3 of the Elven Halls)

   [amulet of regeneration]

   Str+3:     It affects your strength (+3).
   Regen+:    It increases your rate of health regeneration.
 y - a ring of protection from fire
 z - a ring of protection from cold
 C - the ring "Ysaul" (right hand) {Fly rF+ Int+6 SInv}
   (You found it in a treasure trove)

   [ring of flight]

   Int+6:     It affects your intelligence (+6).
   rF+:       It protects you from fire.
   SInv:      It lets you see invisible.
   Fly:       It grants you flight.
 F - a ring of poison resistance
 G - an amulet of the acrobat
 H - a ring of willpower (left hand)
 K - the ring of Liberty {Fly EV+5 Int+6}
   (You found it on level 5 of the Pits of Slime)

   [ring of evasion]

   EV+5:      It affects your evasion (+5).
   Int+6:     It affects your intelligence (+6).
   Fly:       It grants you flight.
 L - a ring of protection from fire
 M - a ring of positive energy
 S - a ring of protection from fire
 Y - a ring of ice
Wands
 v - a wand of acid (9)
 T - a wand of polymorph (9)
 W - a wand of iceblast (5)
 Z - a wand of digging (10)
Scrolls
 h - a scroll of silence
 i - 2 scrolls of poison
 l - 8 scrolls of vulnerability
 n - 10 scrolls of immolation
 q - 2 scrolls of fear
 s - 5 scrolls of butterflies
 u - 2 scrolls of blinking
 w - 15 scrolls of teleportation
 N - a scroll of torment
 Q - 7 scrolls of fog
 U - 4 scrolls of noise
 X - 3 scrolls of revelation
Potions
 c - 8 potions of might
 d - 8 potions of brilliance
 e - 3 potions of ambrosia
 f - 10 potions of heal wounds
 j - 18 potions of curing
 m - 3 potions of enlightenment
 o - 2 potions of mutation
 t - 5 potions of cancellation
 x - 6 potions of magic
 A - 13 potions of haste
 B - 6 potions of lignification
 P - 10 potions of attraction
 R - a potion of resistance
 V - 3 potions of berserk rage
Miscellaneous
 g - a sack of spiders
 p - a lightning rod (4/4)
 J - a phantom mirror


   Skills:
 + Level 21.5 Fighting
 - Level 1.6(2.3) Short Blades
 - Level 2.5(2.8) Long Blades
 - Level 12.0 Staves
 + Level 18.5 Dodging
 - Level 4.0 Stealth
 - Level 12.0 Shields
 + Level 20.2 Spellcasting
 - Level 23.7 Conjurations
 - Level 6.1 Hexes
 - Level 4.5 Summonings
 - Level 10.0 Fire Magic
 - Level 5.1 Ice Magic
 - Level 23.0 Air Magic
 - Level 4.0 Alchemy
 - Level 12.0 Invocations
 - Level 5.0 Evocations


You had one spell level left.
You knew the following spells:

 Your Spells              Type           Power      Damage    Failure   Level
a - Chain Lightning       Conj/Air       60%        3d80      11%         9
b - Orb of Destruction    Conj           60%        9d15      1%          7
c - Plasma Beam           Fire/Air       52%        2x1d67    1%          6
d - Swiftness             Air            100%       N/A       0%          3
e - Spellforged Servitor  Conj/Summ      49%        N/A       4%          7
f - Apportation           Tloc           76%        N/A       1%          1
g - Arcjolt               Conj/Air       60%        1d70      0%          5
h - Freezing Cloud        Conj/Ice/Air   53%        6-21      1%          5
i - Irradiate             Conj/Alch      48%        3d27      1%          5
j - Maxwell's Capacitive  Air            59%        ∞         1%          8
k - Vhi's Electric Charg  Tloc/Air       100%       N/A       1%          4
l - Yara's Violent Unrav  Hex/Alch       33%        3d14      5%          5

Your spell library contained the following spells:

 Spells                   Type           Power      Damage    Failure   Level
 Foxfire                  Conj/Fire      100%       2x1d9     0%          1
 Kiss of Death            Conj/Necr      100%       2d13      0%          1
 Magic Dart               Conj           100%       1d8       0%          1
 Shock                    Conj/Air       100%       1d9       0%          1
 Sting                    Conj/Alch      100%       1d9       0%          1
 Freeze                   Ice            100%       1d10      1%          1
 Necrotise                Necr           100%       1d9       1%          1
 Sandblast                Erth           76%        2d16      1%          1
 Slow                     Hex            100%       N/A       1%          1
 Summon Small Mammal      Summ           100%       N/A       1%          1
 Mercury Vapours          Alch/Air       100%       N/A       0%          2
 Searing Ray              Conj           100%       2d8       0%          2
 Static Discharge         Conj/Air       100%       3-8/arc   0%          2
 Dazzling Flash           Conj/Hex       100%       N/A       0%          3
 Hailstorm                Conj/Ice       99%        3d16      0%          3
 Mephitic Cloud           Conj/Alch/Air  100%       N/A       0%          3
 Airstrike                Air            59%        2d(9-25)  0%          4
 Flame Wave               Conj/Fire      100%       2d21      0%          4
 Iskenderun's Battlesphe  Conj           100%       2d15      0%          5
 Conjure Ball Lightning   Conj/Air       60%        3x3d22    0%          6
 Call Imp                 Summ           100%       N/A       1%          2
 Cigotuvi's Dreadful Rot  Necr/Alch/Air  100%       N/A       1%          2
 Ensorcelled Hibernation  Hex/Ice        100%       N/A       1%          2
 Jinxbite                 Hex            100%       N/A       1%          2
 Momentum Strike          Conj/Tloc      100%       3d10      1%          2
 Scorch                   Fire           100%       2d9       1%          2
 Call Canine Familiar     Summ           64%        N/A       1%          3
 Confusing Touch          Hex            71%        N/A       1%          3
 Frozen Ramparts          Ice            100%       1d16      1%          3
 Inner Flame              Hex/Fire       79%        N/A       1%          3
 Ozocubu's Armour         Ice            67%        N/A       1%          3
 Sigil of Binding         Hex            71%        N/A       1%          3
 Stone Arrow              Conj/Erth      100%       3d13      1%          3
 Summon Ice Beast         Ice/Summ       66%        N/A       1%          3
 Tukima's Dance           Hex            71%        N/A       1%          3
 Volatile Blastmotes      Fire/Tloc      100%       2d18      1%          3
 Brom's Barrelling Bould  Conj/Erth      91%        2d10      1%          4
 Cause Fear               Hex            35%        N/A       1%          4
 Fulminant Prism          Conj/Alch      48%        3d21      1%          4
 Ignite Poison            Fire/Alch      75%        N/A       1%          4
 Iskenderun's Mystic Bla  Conj/Tloc      91%        2d18      1%          4
 Sticky Flame             Fire/Alch      75%        2d12      1%          4
 Summon Blazeheart Golem  Fire/Summ      76%        N/A       1%          4
 Summon Lightning Spire   Summ/Air       97%        N/A       1%          4
 Fireball                 Conj/Fire      52%        3d20      1%          5
 Silence                  Hex/Air        49%        N/A       1%          5
 Bombard                  Conj/Erth      45%        9d8       1%          6
 Starburst                Conj/Fire      52%        6d14      1%          6
 Blink                    Tloc           76%        N/A       2%          2
 Lesser Beckoning         Tloc           76%        N/A       2%          2
 Sublimation of Blood     Necr           38%        N/A       2%          2
 Olgreb's Toxic Radiance  Alch           62%        N/A       3%          4
 Fugue of the Fallen      Necr           38%        N/A       4%          3
 Gell's Gravitas          Tloc           38%        N/A       4%          3
 Passwall                 Erth           38%        N/A       4%          3
 Teleport Other           Tloc           38%        N/A       4%          3
 Vampiric Draining        Necr           38%        2d8       4%          3
 Anguish                  Hex/Necr       29%        N/A       4%          4
 Dimensional Bullseye     Hex/Tloc       29%        N/A       4%          4
 Metabolic Englaciation   Hex/Ice        34%        N/A       4%          5
 Summon Mana Viper        Hex/Summ       68%        N/A       4%          5
 Martyr's Knell           Necr/Summ      53%        N/A       6%          4
 Leda's Liquefaction      Alch/Erth      26%        N/A       7%          4
 Petrify                  Alch/Erth      52%        N/A       7%          4
 Alistair's Intoxication  Alch           41%        N/A       9%          5
 Animate Dead             Necr           38%        N/A       16%         4
 Dispel Undead            Necr           38%        3d16      16%         4
 Manifold Assault         Tloc           38%        N/A       16%         4
 Passage of Golubria      Tloc           38%        N/A       16%         4
 Summon Forest            Summ/Tloc      26%        N/A       17%         5
 Sculpt Simulacrum        Ice/Alch       32%        N/A       36%         6
 Summon Cactus Giant      Summ           32%        N/A       36%         6
 Borgnjor's Vile Clutch   Necr/Erth      19%        N/A       41%         5
 Curse of Agony           Necr           38%        N/A       41%         5
 Lee's Rapid Deconstruct  Erth           19%        3d11*     41%         5
 Eringya's Noxious Bog    Alch           31%        4d6       43%         6
 Lehudib's Crystal Spear  Conj/Erth      45%        10d11     63%         8
 Enfeeble                 Hex            35%        N/A       71%         7
 Fire Storm               Conj/Fire      52%        8d13      83%         9
 Ozocubu's Refrigeration  Ice            33%        4d14      86%         7
 Ignition                 Fire           43%        3d12      86%         8
 Monstrous Menagerie      Summ           32%        N/A       90%         7
 Summon Hydra             Summ           32%        N/A       90%         7
 Death Channel            Necr           19%        N/A       94%         6
 Dispersal                Tloc           19%        N/A       94%         6
 Haunt                    Necr/Summ      26%        N/A       99%         7
 Malign Gateway           Summ/Tloc      26%        N/A       99%         7
 Borgnjor's Revivificati  Necr           19%        N/A       100%        8
 Discord                  Hex            35%        N/A       100%        8
 Disjunction              Tloc           19%        N/A       100%        8
 Infestation              Necr           19%        N/A       100%        8
 Summon Horrible Things   Summ           32%        N/A       100%        8
 Death's Door             Necr           19%        N/A       100%        9
 Dragon's Call            Summ           32%        N/A       100%        9
 Polar Vortex             Ice            33%        12d4*     100%        9
 Shatter                  Erth           19%        3d17*     100%        9
 Animate Armour           Summ/Erth      Unusable   N/A       N/A         4

Dungeon Overview and Level Annotations

Branches:
Dungeon (15/15)            Temple (1/1) D:7            Lair (5/5) D:11
 Shoals (4/4) Lair:2        Snake (4/4) Lair:3        Slime (5/5) Lair:4
    Orc (2/2) D:10            Elf (3/3) Orc:2        Vaults (5/5) D:13
  Crypt (3/3) Vaults:2       Tomb (0/3) Crypt:3      Depths (4/4) D:15
    Zot (5/5) Depths:4      Sewer (visited)          Bailey (visited)
Volcano (visited)          WizLab (visited)         Gauntlet (visited)

Altars:
Ashenzari
Cheibriados
Dithmenos
Elyvilon
Fedhas
Gozag
Hepliaklqana
Kikubaaqudgha
Makhleb
Nemelex Xobeh
Okawaru
Qazlal
Ru
Sif Muna
Trog
Uskayaw
Vehumet
Wu Jian
Xom
Yredelemnul
Zin
The Shining One
Jiyva

Shops:
D:1 =   D:9 =   D:13 :   Orc:2 **[(!*   Elf:1 *   Elf:2 [=   Elf:3 ?
Snake:4 !   Vaults:1 ?*:?:   Vaults:2 [   Depths:1 =:=:

Portals:
Hell: Lair:5 Depths:1 Depths:2 Depths:3 Depths:4
Abyss: Depths:2 Depths:3
Pandemonium: Depths:2
Ziggurat: Depths:3

Annotations:
D:4 2 transporters
Elf:2 3 runed translucent doors


Innate Abilities, Weirdness & Mutations

You can spit globs of acid.
Your golden yellow scales are hard. (AC +13)
You cannot fit into any form of body armour.
You have acidic saliva.
You are cold-blooded and may be slowed by cold attacks.
You are resistant to acid. (rCorr)
You have a pair of small horns on your head.
You are dopey. (Int -2)
Your flesh is heat resistant. (rF+)


Message History

The balrug is wielding a +2 demon whip of freezing.
Blink to where?
Press: ? - help, Dir - move target
As you read the scroll of blinking, it crumbles to dust.
The balrug moves out of view.
The sun demon moves out of view. x4
Aiming: Dig
Press: ? - help, Shift-Dir - straight line A rock wall.
This square is covered in magical glow.
The rock shatters into small pieces.
The balrug gestures at you.
The fireball explodes!
The fireball engulfs you. You resist.
You hear a shout!
Casting: Orb of Destruction (mildly dangerous; 1% risk of failure)
Confirm with . or Enter, or press ? or * to list all spells.
Aiming: Orb of Destruction (mildly dangerous; 1% risk of failure)
Press: ? - help, Shift-Dir - straight line, f - balrug
Aim: a balrug, wielding a +2 demon whip of freezing
Casting: Orb of Destruction (mildly dangerous; 1% risk of failure)
Confirm with . or Enter, or press ? or * to list all spells.
Aiming: Orb of Destruction (mildly dangerous; 1% risk of failure)
Press: ? - help, Shift-Dir - straight line, f/p - balrug
Aim: a balrug, wielding a +2 demon whip of freezing (ally target)
The orb of destruction hits the balrug!!!
The balrug is severely wounded.
The balrug gestures at you. Something smites you!
You hear a shout!
Pabron comes into view.
An orange demon comes into view.
Blink to where?
Press: ? - help, Dir - move target, p - balrug A red devil and a lich come into view.
As you read the scroll of blinking, it crumbles to dust.
The lich shouts!
Blink to where?
Press: ? - help, Dir - move target
As you read the scroll of blinking, it crumbles to dust.
There is a staircase leading out of the dungeon here.
You have escaped!

..###..................####
......#..#######)#######..#
..#####....####...####....#
..# ##.....#..~..#.....## ..#
#8..~....~....~..8# ..#
##...~..~~~..~...## ..#
##.....~~~~~~~.....##
.######....~~~~...~~~~....#
.§...&..§&~~~~..@..~~~~~..#
#.#..4.....~~~~...~~~~....#
#.##.#.#.....~~~~~~~.....##
#.##.#4##...~..~~~..~...##
#.##...#8..~....~....~..8#
..##.L.#.....#..~..#.....##
..##.......####...####....#
..##.....#######.#######..####
.#....†......................#


You could see Pabron.

Vanquished Creatures
  the Royal Jelly (Slime:5)
  Frederick (Crypt:1)
  7 orbs of fire (Zot:5)
  3 dread liches
  2 ancient liches
  Mara (Depths:1)
  Mennas (Vaults:2)
  A juggernaut (Depths:2)
  A Killer Klown (Zot:5)
  Boris (thrice) (Vaults:3 Depths:2 Crypt:2)
  Saint Roka (Vaults:3)
  Bai Suzhen (Vaults:3)
  Margery (Crypt:2)
  2 curse toes
  4 caustic shrikes (Depths:4)
  13 golden dragons
  the Enchantress (Depths:1)
  A bone dragon (Crypt:3)
  4 electric golems
  23 Orb Guardians
  18 tentacled monstrosities
  5 liches
  Rupert (Snake:1)
  2 walking earthen tomes (Depths:4)
  A walking crystal tome (Depths:4)
  6 quicksilver dragons
  A searing wretch (Crypt:2)
  2 deep elf blademasters (Elf:3)
  The ghost of Vuskak the Phalangite, an adept HuBe of Trog (Snake:4)
  A shard shrike skeleton (Crypt:3)
  2 ancient champions
  6 titans
  11 sphinxes
  24 acid blobs
  2 deep elf master archers (Elf:3)
  9 death cobs
  An Executioner (Zot:5)
  Frances (Snake:1)
  13 storm dragons
  8 tengu reavers
  9 shadow dragons
  Aizul (Snake:1)
  2 revenants
  The ghost of Laraso the Shatterer, a journeyman OnCA of Ignis (Orc:1)
  8 nagarajas
  14 rockslimes
  2 iron dragons (Vaults:5)
  14 azure jellies
  Donald (Crypt:1)
  15 fire giants
  9 protean progenitors
  The ghost of Aldia the Thaumaturge, a journeyman OpAl of Gozag (Lair:5)
  7 draconian monks
  7 frost giants
  3 deep elf elementalists (Elf:3)
  3 deep elf sorcerers
  12 draconian knights
  11 vault wardens
  13 draconian shifters
  2 ghost moths
  A juggernaut zombie (Depths:3)
  10 draconian scorchers
  2 curse skulls
  A draconian stormcaller (Zot:3)
  3 ghouls
  3 orc warlords
  5 draconian annihilators
  9 formless jellyfish
  28 very ugly things
  12 quicksilver oozes
  A reaper (Depths:3)
  22 ironbound preservers
  4 spriggan defenders
  25 stone giants
  9 vampire knights
  6 ironbound thunderhulks
  7 dire elephants
  14 green draconians
  2 juggernaut skeletons
  6 deep elf demonologists
  15 deep elf death magi
  A rockslime zombie (Crypt:2)
  11 white draconians
  A lorocyproca (Depths:1)
  8 war gargoyles
  18 red draconians
  15 black draconians
  2 spark wasps (Depths:4)
  27 yellow draconians
  7 deep elf annihilators
  14 purple draconians
  The ghost of Azoth the Frost Mage, a journeyman MfIE of Ru (Lair:4)
  5 eidola
  9 ettins
  2 crystal guardians
  8 fire dragons
  3 merfolk javelineers
  16 yaktaur captains
  Josephine (Lair:4)
  5 merfolk impalers
  2 entropy weavers
  10 jiangshi
  5 rakshasas
  2 spriggan zombies (Crypt:3)
  A salamander tyrant (Snake:4)
  4 deep elf high priests
  Fannar (D:12)
  5 peacekeepers
  15 ice dragons
  34 vault guards
  An ogre mage (Vaults:5)
  6 hydras
  2 quicksilver dragon skeletons
  8 ironbound frosthearts
  17 great orbs of eyes
  8 centaur warriors
  4 merfolk aquamancers (Shoals:4)
  4 merfolk avatars
  9 spriggan air magi
  A fenstrider witch skeleton (Crypt:3)
  2 alligators (Shoals:3)
  3 spriggan skeletons
  18 anacondas
  4 alligator snapping turtles
  9 boulder beetles
  2 satyrs (Shoals:4)
  14 dancing weapons
  A catoblepas (D:13)
  5 two-headed ogres
  3 death knights
  A two-headed ogre (shapeshifter) (Elf:1)
  4 tengu warriors
  5 vampire magi
  6 death yaks (Lair:5)
  The ghost of Hefiv the Carver, a novice GnCK of Xom (Lair:1)
  A bennu skeleton (Crypt:1)
  13 deep troll shamans
  A titan zombie (Crypt:2)
  8 deep troll earth magi
  2 orc high priests
  2 occultists
  9 shock serpents
  16 naga sharpshooters
  17 naga warriors
  A spriggan berserker (Depths:4)
  2 soul eaters
  22 hell knights
  3 sun demons
  5 skysharks
  17 deep elf knights
  4 salamander mystics
  A shadow wraith (Crypt:2)
  2 goliath frogs (Zot:3)
  10 iron trolls
  40 skeletal warriors
  A sixfirhy (Depths:2)
  74 deep trolls
  14 ironbound convokers
  22 sea snakes
  6 naga ritualists
  A golden dragon skeleton (Crypt:1)
  A bog body (Crypt:1)
  11 deep elf archers
  5 flayed ghosts
  A human zombie (Vaults:3)
  7 arcanists
  An orb spider (shapeshifter) (Elf:1)
  5 lindwurms
  27 harpies
  An iron giant skeleton (Crypt:2)
  A snapping turtle (shapeshifter) (Vaults:5)
  7 mana vipers
  4 orc knights
  A tengu zombie (Depths:1)
  9 phantasmal warriors
  2 steelbarb worms (Zot:3)
  5 large abominations
  22 deep elf pyromancers
  An alligator zombie (Crypt:3)
  23 deep elf zephyrmancers
  16 manticores
  2 fauns (Shoals:1)
  10 necromancers
  4 oklob plants (Zot:1)
  41 ugly things
  6 orc sorcerers (Orc:2)
  13 cyclopes
  13 salamanders
  5 shining eyes
  A stone giant zombie (Depths:1)
  A worldbinder (Gauntlet)
  A black mamba (shapeshifter) (Depths:3)
  A salamander (shapeshifter) (Elf:1)
  12 elephants
  32 moths of wrath
  A shadow dragon skeleton (Crypt:3)
  4 kobold blastminers (Orc:2)
  2 meliai (Lair:5)
  9 merfolk sirens
  5 guardian serpents
  4 water nymphs
  2 fire giant skeletons (Depths:1)
  10 naga magi
  10 smoke demons
  15 vault sentinels
  A stone giant skeleton (Crypt:1)
  40 black mambas
  6 gargoyles
  3 eyes of devastation
  3 torpor snails
  3 orange demons
  11 cane toads
  A cane toad (shapeshifter) (Elf:1)
  An iron troll zombie (Crypt:1)
  3 centaur skeletons
  22 yaktaurs
  An unseen horror (D:12)
  13 rime drakes
  8 komodo dragons
  A dire elephant skeleton (Crypt:3)
  4 freezing wraiths
  2 ice devils
  5 tengu conjurers
  A great orb of eyes zombie (Crypt:1)
  5 guardian mummies
  A queen bee (Lair:5)
  2 red devils (Lair:5)
  5 trolls
  6 hornets
  15 merfolk
  3 wind drakes
  2 polar bears (D:11)
  A polar bear (shapeshifter) (Depths:2)
  A nameless horror (Zot:3)
  15 blink frogs
  2 ettin zombies (Crypt:1)
  A tarantella (shapeshifter) (D:13)
  A harpy skeleton (Crypt:1)
  16 dream sheep
  10 snapping turtles
  A frost giant simulacrum (Depths:1)
  A dream sheep (shapeshifter) (Elf:2)
  A glass eye (Depths:3)
  A hydra skeleton (Crypt:2)
  2 human simulacra (Vaults:3)
  128 slime creatures
  A fire giant simulacrum (Depths:3)
  A harpy (shapeshifter) (Depths:2)
  A slime creature (shapeshifter) (Depths:2)
  A glass eye (shapeshifter) (Vaults:5)
  Sigmund (D:6)
  5 air elementals
  7 shadows
  An ettin skeleton (Vaults:3)
  3 spriggans
  A merfolk skeleton (Crypt:3)
  2 vampires
  62 yaks
  9 wraiths
  5 wargs
  11 water elementals
  3 fire bats
  6 golden eyes (Slime:4)
  3 wyverns
  5 fire elementals
  A neqoxec (D:8)
  4 basilisks
  8 steam dragons
  5 redbacks
  8 vampire mosquitoes (D:12)
  A fire bat zombie (Crypt:2)
  A naga zombie (Crypt:1)
  A spriggan simulacrum (Depths:1)
  A faun zombie (Crypt:2)
  48 nagas
  A harpy simulacrum (Crypt:1)
  A two-headed ogre zombie (Crypt:1)
  7 hell hounds
  3 acid dragons
  18 water moccasins
  A naga skeleton (Crypt:3)
  34 orc warriors
  3 black bears
  A sky beast (D:7)
  Pargi (Sewer)
  6 ice beasts
  8 ogres
  26 wolves
  3 boggarts
  A snapping turtle skeleton (Crypt:2)
  8 centaurs
  5 phantoms
  5 kobold brigands
  A brain worm (shapeshifter) (Elf:1)
  15 bullfrogs
  A bullfrog (shapeshifter) (Elf:1)
  A wyvern zombie (Crypt:2)
  3 gnoll sergeants
  7 small abominations
  A glowing shapeshifter simulacrum (Depths:3)
  2 scorpions
  10 earth elementals
  8 wights
  A blink frog simulacrum (Lair:1)
  16 killer bees
  7 howler monkeys
  A bombardier beetle (D:5)
  A rime drake simulacrum (Lair:1)
  32 jellies
  26 orc priests
  A komodo dragon simulacrum (Lair:1)
  2 water moccasin simulacra (Lair:1)
  3 hounds
  Crazy Yiuf (D:4)
  4 iguanas
  Ijyb (D:5)
  Terence (D:3)
  A sleepcap (D:6)
  24 orc wizards
  6 hell rats (Lair:4)
  A crocodile zombie (Crypt:1)
  2 bullfrog simulacra (Lair:1)
  A deep dwarf skeleton (Crypt:2)
  8 mummies (Crypt:3)
  Robin (D:3)
  10 gnolls
  4 adders
  A shadow imp (D:7)
  13 white imps
  4 ufetubi
  2 ribbon worms
  3 dart slugs (D:1)
  82 orcs
  9 ball pythons
  7 bats
  11 endoplasms
  8 giant cockroaches
  13 hobgoblins
  2 jackals (Sewer)
  2 quokkas
  A bombardier beetle zombie (Crypt:2)
  A dart slug zombie (Crypt:1)
  4 frilled lizards
  15 goblins
  36 kobolds
  An orc skeleton (Crypt:1)
  7 rats
  6 aspiring fleshes
  A butterfly (Lair:1)
2646 creatures vanquished.

Vanquished Creatures (collateral kills)
  A draconian monk (Zot:3)
  A draconian annihilator (Zot:3)
  A white draconian (Zot:3)
  A minotaur (Gauntlet)
  A vault sentinel (Vaults:5)
  A spriggan zombie (Depths:1)
6 creatures vanquished.

Vanquished Creatures (others)
  A lich (Depths:3)
  A sphinx (Vaults:1)
  A draconian knight (Zot:1)
  A deep elf death mage (Elf:3)
  A red draconian (Zot:1)
  A purple draconian (Zot:3)
  A deep elf knight (Elf:1)
  A deep elf pyromancer (Elf:1)
  2 deep elf zephyrmancers
  An orc (Orc:2)
11 creatures vanquished.

Grand Total: 2663 creatures vanquished

Notes
Turn   | Place    | Note
-------+----------+-------------------------------------------
     0 | D:1      | jestert79 the Draconian Air Elementalist began the quest
                  | for the Orb.
     0 | D:1      | Reached XP level 1. HP: 14/14 MP: 3/3
   212 | D:1      | Reached XP level 2. HP: 20/20 MP: 3/5
   215 | D:1      | Learned a level 2 spell: Static Discharge
   464 | D:1      | Found Kovor's Jewellery Shop.
   811 | D:1      | Reached XP level 3. HP: 26/26 MP: 6/6
  1145 | D:2      | Found a faded altar of an unknown god.
  2339 | D:3      | Noticed Terence
  2354 | D:3      | Killed Terence
  2355 | D:3      | Reached XP level 4. HP: 7/33 MP: 0/7
  2551 | D:3      | Noticed Robin
  2583 | D:3      | Killed Robin
  2694 | D:3      | Learned a level 4 spell: Airstrike
  2863 | D:3      | Reached XP level 5. HP: 38/38 MP: 4/8
  3674 | D:4      | Found a glowing drain.
  3678 | Sewer    | Entered a sewer
  3811 | Sewer    | Noticed Pargi
  3827 | Sewer    | Reached XP level 6. HP: 31/45 MP: 1/15
  3831 | Sewer    | Killed Pargi
  4082 | D:4      | Found a transporter.
  4295 | D:4      | Found a transporter.
  4361 | D:4      | Learned a level 3 spell: Swiftness
  4691 | D:4      | Your scales start taking on a golden yellow colour.
  4691 | D:4      | Reached XP level 7. HP: 49/51 MP: 10/16
  4691 | D:4      | Gained mutation: You are resistant to acid. (rCorr) [Yellow
                  | Draconian growth]
  4703 | D:4      | Learned a level 4 spell: Flame Wave
  4729 | D:4      | You fall into a shaft and drop 3 floors!
  4915 | D:7      | Reached skill level 1 in Fighting
  5007 | D:7      | Reached skill level 1 in Fire Magic
  5107 | D:7      | Found a staircase to the Ecumenical Temple.
  5131 | D:7      | Reached skill level 1 in Short Blades
  5139 | D:7      | Reached XP level 8. HP: 60/62 MP: 7/17
  5264 | Temple   | Entered the Ecumenical Temple
  5293 | Temple   | Became a worshipper of Sif Muna the Loreminder
  5706 | D:6      | Reached skill level 1 in Long Blades
  6042 | D:6      | Noticed Sigmund
  6130 | D:5      | Entered Level 5 of the Dungeon
  6247 | D:4      | Found a runed translucent door.
  6248 | D:4      | Noticed Crazy Yiuf
  6397 | D:4      | Killed Crazy Yiuf
  6739 | D:5      | Reached XP level 9. HP: 70/70 MP: 9/18
  6875 | D:5      | Noticed Ijyb
  6902 | D:5      | Killed Ijyb
  7362 | D:1      | Bought a ring of poison resistance for 280 gold pieces
  7750 | D:5      | Reached * piety under Sif Muna
  7751 | D:5      | Reached skill level 1 in Invocations
  8877 | D:6      | Killed Sigmund
  9828 | D:7      | Reached skill level 1 in Staves
  9943 | D:7      | Reached XP level 10. HP: 80/80 MP: 2/19
 10199 | D:7      | Reached skill level 5 in Fighting
 10994 | D:8      | Learned a level 2 spell: Searing Ray
 11068 | D:8      | Found a radiant altar of Vehumet.
 11283 | D:8      | Reached ** piety under Sif Muna
 11362 | D:8      | Found a blossoming altar of Fedhas.
 11363 | D:8      | Found an ornate altar of the Wu Jian Council.
 11364 | D:8      | Found a sparkling altar of Nemelex Xobeh.
 11364 | D:8      | Found a bloodstained altar of Trog.
 11365 | D:8      | Found a basalt altar of Yredelemnul.
 11365 | D:8      | Found an iron altar of Okawaru.
 11366 | D:8      | Found a glowing silver altar of Zin.
 11367 | D:8      | Found a shadowy altar of Dithmenos.
 11367 | D:8      | Found a glowing golden altar of the Shining One.
 11467 | D:8      | Found an opulent altar of Gozag.
 11468 | D:8      | Found a shimmering altar of Xom.
 11469 | D:8      | Found a sacrificial altar of Ru.
 11657 | D:8      | Reached skill level 5 in Dodging
 11861 | D:9      | Reached skill level 5 in Fire Magic
 12061 | D:9      | Found Latop's Jewellery Emporium.
 12063 | D:9      | Noticed a cyclops
 12105 | D:9      | Killed a cyclops
 12723 | D:9      | Reached XP level 11. HP: 63/89 MP: 1/20
 13225 | D:10     | Entered Level 10 of the Dungeon
 13248 | D:10     | Found a flagged portal.
 13258 | Bailey   | Entered a bailey
 13264 | Bailey   | Noticed an orc warlord
 13760 | Bailey   | Found a runed translucent gate.
 13762 | Bailey   | Found a runed translucent gate.
 13763 | Bailey   | Found a runed translucent gate.
 13859 | Bailey   | Killed an orc warlord
 13980 | Bailey   | Reached XP level 12. HP: 97/97 MP: 21/21
 14229 | D:10     | Reached *** piety under Sif Muna
 14371 | D:10     | Found a staircase to the Orcish Mines.
 15029 | D:10     | Reached skill level 1 in Shields
 15029 | D:10     | Reached skill level 1 in Evocations
 15556 | D:11     | Noticed a two-headed ogre
 15660 | D:11     | Killed a two-headed ogre
 16302 | D:11     | Found a staircase to the Lair.
 16427 | D:11     | Reached skill level 5 in Shields
 16431 | D:11     | Reached skill level 5 in Evocations
 16584 | D:10     | Reached **** piety under Sif Muna
 16817 | D:11     | Reached skill level 10 in Conjurations
 16926 | D:11     | Reached XP level 13. HP: 105/105 MP: 7/23
 17782 | D:11     | Learned a level 5 spell: Arcjolt
 17832 | Lair:1   | Entered Level 1 of the Lair of Beasts
 17845 | Lair:1   | Noticed Hefiv's ghost (novice GnCK)
 17947 | Lair:1   | Found a runed translucent gate.
 17947 | Lair:1   | Found a runed translucent gate.
 17951 | Lair:1   | Found a runed translucent gate.
 18261 | Lair:1   | Identified the +5 mace of Sycodac {flame, *Noise rElec
                  | rPois Will-}
 19395 | Lair:2   | Found a staircase to the Shoals.
 19517 | Lair:2   | Found a dark tunnel.
 19526 | Volcano  | Entered a volcano
 20073 | Volcano  | Noticed a fire dragon
 20095 | Volcano  | Killed a fire dragon
 21159 | Lair:2   | Reached ***** piety under Sif Muna
 22230 | Lair:3   | Found a staircase to the Snake Pit.
 22489 | Lair:3   | Received a gift from Sif Muna
 22507 | Lair:3   | Got Sif Muna's Compilation of Striking {god gift}
 22633 | Lair:3   | Learned a level 5 spell: Freezing Cloud
 23023 | Lair:4   | Reached skill level 1 in Ice Magic
 23023 | Lair:4   | Gained mutation: You have acidic saliva. [Yellow Draconian
                  | growth]
 23023 | Lair:4   | Reached XP level 14. HP: 119/119 MP: 26/26
 23177 | Lair:4   | Found a glowing golden altar of the Shining One.
 23270 | Lair:4   | Found a runed translucent gate.
 23270 | Lair:4   | Found a runed translucent gate.
 23270 | Lair:4   | Found a runed translucent gate.
 23271 | Lair:4   | Noticed an acid blob
 23271 | Lair:4   | Noticed an azure jelly
 23272 | Lair:4   | Noticed a rockslime
 23272 | Lair:4   | Noticed an azure jelly
 23273 | Lair:4   | Noticed an azure jelly
 23273 | Lair:4   | Noticed an acid blob
 23273 | Lair:4   | Noticed Azoth's ghost (journeyman MfIE)
 23273 | Lair:4   | Noticed an azure jelly
 23273 | Lair:4   | Noticed an acid blob
 23274 | Lair:4   | Noticed an acid blob
 23274 | Lair:4   | Noticed an acid blob
 23274 | Lair:4   | Noticed an azure jelly
 23274 | Lair:4   | Noticed an azure jelly
 23275 | Lair:4   | Noticed a rockslime
 23276 | Lair:4   | Found a viscous altar of Jiyva.
 23311 | Lair:4   | Upgraded the game from 0.31-a0-1469-gd420192249 to
                  | 0.31-a0-1499-ge0622b2318
 23562 | Lair:4   | Found a staircase to the Slime Pits.
 23640 | Lair:4   | Reached skill level 10 in Air Magic
 23721 | Lair:4   | Noticed Josephine
 23731 | Lair:4   | Killed Josephine
 24595 | Lair:5   | Entered Level 5 of the Lair of Beasts
 24642 | Lair:5   | Reached skill level 10 in Fighting
 24860 | Lair:5   | Found a gate leading to a gauntlet.
 24868 | Gauntlet | Entered a Gauntlet
 24868 | Gauntlet | Found a transporter.
 24922 | Gauntlet | Found a transporter.
 24924 | Gauntlet | Found a transporter.
 24925 | Gauntlet | Found a transporter.
 24933 | Gauntlet | Found a transporter.
 24936 | Gauntlet | Found a transporter.
 24937 | Gauntlet | Found a transporter.
 24941 | Gauntlet | Found a runed translucent door.
 24943 | Gauntlet | Found a runed translucent door.
 24945 | Gauntlet | Found a transporter.
 24948 | Gauntlet | Found a transporter.
 24949 | Gauntlet | Found a transporter.
 24955 | Gauntlet | Noticed a cacodemon
 24957 | Gauntlet | Found a transporter.
 24960 | Gauntlet | Found a transporter.
 24961 | Gauntlet | Found a transporter.
 24969 | Gauntlet | Found a transporter.
 25062 | Gauntlet | Reached skill level 5 in Ice Magic
 25307 | Gauntlet | Identified the +8 great mace of Hiyprunnarof {venom, rC+
                  | Will+ Str-4}
 25399 | Gauntlet | Got Myrphy's Handbook of Charms
 25445 | Lair:5   | Received a gift from Sif Muna
 25547 | Lair:5   | Got Sif Muna's Octavo of Gathered Sciomancy {god gift}
 26262 | Lair:5   | Noticed Aldia's ghost (journeyman OpAl)
 26285 | Lair:5   | Found a transporter.
 26288 | Lair:5   | Found a transporter.
 27096 | Lair:5   | Learned a level 7 spell: Orb of Destruction
 27108 | Lair:5   | Reached XP level 15. HP: 99/130 MP: 18/28
 27169 | Lair:5   | Found a burning altar of Makhleb.
 27175 | Lair:5   | Found a gateway to Hell.
 27538 | Orc:1    | Entered Level 1 of the Orcish Mines
 28398 | Orc:2    | Entered Level 2 of the Orcish Mines
 28481 | Orc:2    | Found Risuask's General Store.
 28551 | Orc:2    | Bought a scroll of blinking for 97 gold pieces
 28803 | Orc:2    | Reached skill level 10 in Dodging
 28989 | Orc:2    | Received a gift from Sif Muna
 29041 | Orc:2    | Found Acliaj's Assorted Antiques.
 29605 | Orc:2    | Found Jileupne's Distillery.
 29615 | Orc:2    | Bought a potion of heal wounds for 75 gold pieces
 29624 | Orc:2    | Found a staircase to the Elven Halls.
 29738 | Orc:1    | Found a runed translucent gate.
 29738 | Orc:1    | Found a runed translucent gate.
 29738 | Orc:1    | Found a runed translucent gate.
 29773 | Orc:1    | Noticed Laraso's ghost (journeyman OnCA)
 30090 | Orc:2    | Found Xiug's Assorted Antiques.
 30648 | Orc:2    | Paralysed by an orc sorcerer for 3 turns
 31187 | Orc:2    | Found Jotiw's Antique Armour Emporium.
 31191 | Orc:2    | Found Ocidoo's Antique Weapon Shoppe.
 31202 | Orc:2    | Bought the +2 hood of the Assassin {Detect Stab+ Stlth++}
                  | for 1320 gold pieces
 31202 | Orc:2    | Found the +2 hood of the Assassin {Detect Stab+ Stlth++}
 31443 | D:12     | Received a gift from Sif Muna
 31576 | D:12     | Got Sif Muna's Octavo of Gloom and the Escort {god gift}
 31648 | D:12     | Noticed Fannar
 32495 | D:12     | Killed Fannar
 32954 | D:13     | Found Cugromie's Book Shop.
 33686 | D:13     | Reached skill level 10 in Spellcasting
 33896 | D:13     | Found a gate to the Vaults.
 35219 | D:13     | Received a gift from Sif Muna
 35222 | D:13     | Got Kuisoc's Cyclopedia of the Inferno and the Discharge
                  | {god gift}
 36787 | D:15     | Entered Level 15 of the Dungeon
 37050 | D:15     | Reached XP level 16. HP: 74/139 MP: 12/30
 37531 | D:15     | Found a staircase to the Depths.
 37910 | Snake:1  | Entered Level 1 of the Snake Pit
 38798 | Snake:1  | Noticed Rupert
 38813 | Snake:1  | Killed Rupert
 39008 | Snake:1  | Identified the serpent talisman of the Depths {rElec Int+5}
 39008 | Snake:1  | Noticed Aizul
 39024 | Snake:1  | Killed Aizul
 40197 | Snake:1  | Noticed Frances
 40206 | Snake:1  | Killed Frances
 41107 | Snake:2  | Received a gift from Sif Muna
 41116 | Snake:2  | Got Sif Muna's Directory of the Map and Compounds {god
                  | gift}
 41195 | Snake:2  | Learned a level 6 spell: Plasma Beam
 42159 | Snake:4  | Entered Level 4 of the Snake Pit
 42977 | Snake:3  | Reached XP level 17. HP: 43/146 MP: 3/32
 43271 | Snake:3  | Identified the amulet of Lies {Acrobat Harm rPois rC- Int+4
                  | Dex-5}
 43466 | Snake:3  | Learned a level 5 spell: Irradiate
 43640 | Snake:3  | Reached skill level 1 in Alchemy
 44131 | Snake:3  | Received a gift from Sif Muna
 45173 | Snake:4  | Found a runed translucent door.
 45173 | Snake:4  | Found a shimmering altar of Xom.
 45173 | Snake:4  | Noticed Vuskak's ghost (adept HuBe)
 45174 | Snake:4  | Identified the +6 eveningstar of Contumacious Defence
                  | {chaos, rC+}
 45353 | Snake:4  | Found Odiugg's Distillery.
 46932 | Snake:4  | Got a serpentine rune of Zot
 47305 | Shoals:1 | Entered Level 1 of the Shoals
 47452 | Shoals:1 | Received a gift from Sif Muna
 48006 | Shoals:1 | Reached XP level 18. HP: 121/157 MP: 21/34
 49246 | Shoals:2 | Identified the +0 spear "Huufut" {flame, *Rage rCorr Int+7
                  | Dex-5}
 50198 | Shoals:3 | Received a gift from Sif Muna
 50199 | Shoals:3 | Got Sif Muna's Octavo of Hapless Assembling {god gift}
 50349 | Shoals:3 | Reached skill level 15 in Conjurations
 50511 | Shoals:3 | Identified the +1 robe of Ymupois {Fly Str+2 Int+3 Dex-3}
 50563 | Shoals:4 | Entered Level 4 of the Shoals
 51395 | Shoals:4 | Identified the staff "Xitiol" {rPois Str+5 Dex-2 Conj
                  | Necro}
 51470 | Shoals:4 | Identified the +6 broad axe "Zeffuon" {elec, Str+3 Int+3
                  | Dex+2}
 52912 | Shoals:4 | Got a barnacled rune of Zot
 53464 | Vaults:1 | Entered Level 1 of the Vaults
 53512 | Vaults:1 | Found Biqidd's Magic Scroll Boutique.
 53772 | Vaults:1 | Bought a scroll of torment for 180 gold pieces
 53803 | Vaults:1 | Found Fuqum Tuys's Book Boutique.
 53818 | Vaults:1 | Reached skill level 10 in Invocations
 53885 | Vaults:1 | Received a gift from Sif Muna
 53886 | Vaults:1 | Got Sif Muna's Vellum of the Traveller and the Grave {god
                  | gift}
 54299 | D:13     | Upgraded the game from 0.31-a0-1499-ge0622b2318 to
                  | 0.31-a0-1522-g43313d8a59
 54312 | Vaults:1 | Found Zorayn's Book Shoppe.
 54352 | Vaults:1 | Reached XP level 19. HP: 167/167 MP: 32/35
 55012 | Vaults:1 | Reached skill level 10 in Shields
 56691 | Vaults:1 | Found Niodiwki's Magic Scroll Emporium.
 56721 | Vaults:1 | Bought a scroll of revelation for 135 gold pieces
 56721 | Vaults:1 | Bought a scroll of teleportation for 54 gold pieces
 56739 | Vaults:1 | Found Oqiyca's Assorted Antiques.
 56743 | Vaults:1 | Bought a potion of heal wounds for 190 gold pieces
 56743 | Vaults:1 | Bought a pair of runed gloves for 285 gold pieces
 57476 | Vaults:2 | Noticed Mennas
 57666 | Elf:1    | Entered Level 1 of the Elven Halls
 58299 | Elf:1    | Received a gift from Sif Muna
 58319 | Elf:1    | Got Sif Muna's Encyclopedia of Companions and Thunder {god
                  | gift}
 58607 | Elf:1    | Got the Collected Works on Hypothermia and Ectoplasm
 59181 | Elf:1    | Reached skill level 10 in Fire Magic
 59474 | Elf:1    | Found Weymepn's Assorted Antiques.
 59930 | Elf:2    | Found Kyam's Jewellery Emporium.
 60283 | Elf:2    | Bought a ring of willpower for 250 gold pieces
 60657 | Elf:2    | Found a runed translucent gate.
 60658 | Elf:2    | Found a runed translucent gate.
 60658 | Elf:2    | Found a runed translucent gate.
 60706 | Elf:2    | Paralysed by an air elemental for 1 turns
 60711 | Elf:2    | Paralysed by an air elemental for 1 turns
 60715 | Elf:2    | Paralysed by an air elemental for 1 turns
 61203 | Elf:2    | Paralysed by an air elemental for 1 turns
 61384 | Elf:2    | Found Obrytiuf's Armour Shop.
 61548 | Elf:3    | Entered Level 3 of the Elven Halls
 61848 | Elf:3    | Found Fuul's Magic Scroll Boutique.
 62220 | Elf:3    | Identified a scroll of acquirement
 62235 | Elf:3    | Acquired the +1 pair of gloves "Iliruaq" {rC++}
 62837 | Elf:3    | Reached XP level 20. HP: 177/177 MP: 29/36
 63199 | Elf:3    | Identified the +1 leather armour of the Moneychanger
                  | {Int+3}
 63216 | Elf:3    | Received a gift from Sif Muna
 63217 | Elf:3    | Reached skill level 15 in Fighting
 63219 | Elf:3    | Identified the +5 battleaxe of Cobwebs {speed, *Slow rCorr
                  | Dex+6}
 64033 | Elf:3    | Paralysed by an air elemental for 1 turns
 64036 | Elf:3    | Paralysed by an air elemental for 1 turns
 64199 | Elf:3    | Got the Folio of the Jinx
 64203 | Elf:3    | Got Nexa's Incunable of Geometries and the Gargoyle
 64206 | Elf:3    | Identified the amulet "Seix Get Gant" {Regen+ Str+3}
 64208 | Elf:3    | Identified the +9 spear of Contradiction {flame, Int+3}
 64353 | Elf:3    | Found the +8 longbow "Zephyr" {speed, Dex+3 SInv}
 64370 | Elf:3    | Got the Guide on United Transportation
 64717 | Vaults:2 | Killed Mennas
 65306 | Vaults:2 | Found Inucaew's Armour Shoppe.
 65942 | Vaults:2 | Found a staircase to the Crypt.
 66167 | Vaults:3 | Reached skill level 15 in Air Magic
 66835 | Vaults:3 | Received a gift from Sif Muna
 66836 | Vaults:3 | Got Ixzuacs's Book of the Missiles {god gift}
 67130 | Vaults:3 | Noticed Boris
 67140 | Vaults:3 | Killed Boris
 67297 | Vaults:3 | Noticed Bai Suzhen
 67331 | Vaults:3 | Killed Bai Suzhen
 67637 | Vaults:3 | Noticed Saint Roka
 67922 | Vaults:3 | Killed Saint Roka
 68084 | Vaults:3 | Learned a level 8 spell: Maxwell's Capacitive Coupling
 69674 | Vaults:4 | Reached XP level 21. HP: 151/184 MP: 19/39
 70877 | Vaults:4 | Received a gift from Sif Muna
 72641 | Depths:1 | Entered Level 1 of the Depths
 73074 | Depths:1 | Received a gift from Sif Muna
 73075 | Depths:1 | Got Sif Muna's Grimoire of the Plateau {god gift}
 73191 | Depths:1 | You fall into a shaft and drop 1 floor!
 73405 | Depths:1 | Found an ancient bone altar of Kikubaaqudgha.
 73433 | Depths:1 | Noticed Mara
 74242 | Depths:1 | Noticed jestert79's illusion
 74249 | Depths:1 | Killed Mara
 74501 | Depths:1 | Noticed the Enchantress
 74725 | Depths:1 | Killed the Enchantress
 74833 | Depths:1 | Found Taphiala's Book Shop.
 74863 | Depths:1 | Found Itsav's Jewellery Shop.
 74867 | Depths:1 | Found Zaby's Book Emporium.
 74868 | Depths:1 | Found Igyp's Jewellery Shop.
 74875 | Depths:1 | Bought a manual of Conjurations for 960 gold pieces
 76571 | Depths:2 | Found a portal to a secret trove of treasure.
 76695 | Depths:2 | Noticed a golden dragon
 76744 | Depths:2 | Reached XP level 22. HP: 148/192 MP: 25/40
 77268 | Depths:2 | Noticed Boris
 77295 | Depths:2 | Killed Boris
 78478 | Depths:2 | Received a gift from Sif Muna
 78600 | Depths:2 | Found a broken altar of Ashenzari.
 78621 | Depths:2 | Found a one-way gate to the infinite horrors of the Abyss.
 78719 | Depths:2 | Noticed a juggernaut
 78723 | Depths:2 | Killed a juggernaut
 79082 | Depths:2 | Reached skill level 15 in Spellcasting
 79597 | Depths:2 | Killed a golden dragon
 79758 | Depths:2 | Found a one-way gate leading to the halls of Pandemonium.
 80375 | Lair:1   | Killed Hefiv's ghost
 80430 | Lair:1   | Identified the staff of the Nexus {rF+ rC- Int-4 Dex+9 Fire
                  | Ice}
 80542 | Lair:4   | Killed Azoth's ghost
 80770 | Snake:4  | Killed Vuskak's ghost
 81147 | Orc:1    | Killed Laraso's ghost
 81396 | Lair:5   | Received a gift from Sif Muna
 81396 | Lair:5   | Killed Aldia's ghost
 81688 | Crypt:1  | Entered Level 1 of the Crypt
 81688 | Crypt:1  | Noticed Donald
 81692 | Crypt:1  | Killed Donald
 81934 | Crypt:1  | Found a magical portal.
 81943 | WizLab   | Entered Wucad Mu's Monastery
 83836 | Crypt:2  | Reached ****** piety under Sif Muna
 83933 | Crypt:2  | Received a gift from Sif Muna
 84096 | Crypt:2  | Noticed Boris
 84104 | Crypt:2  | Killed Boris
 84105 | Crypt:2  | Reached XP level 23. HP: 200/203 MP: 12/42
 84273 | Crypt:2  | Noticed Margery
 85022 | Crypt:2  | Killed Margery
 86015 | Crypt:2  | Received a gift from Sif Muna
 86852 | Crypt:1  | Identified the orb of Death Resistance {light, Will+++
                  | Str-4 Int-5 Dex+3}
 86852 | Crypt:1  | Noticed Frederick
 86857 | Crypt:1  | Killed Frederick
 87112 | Crypt:2  | Learned a level 9 spell: Chain Lightning
 87133 | Crypt:3  | Entered Level 3 of the Crypt
 87822 | Crypt:3  | Acquired 509 gold pieces
 88157 | Crypt:3  | Found the +6 Majin-Bo {spellvamp, MP+6 Int+6}
 88803 | Crypt:3  | Received a gift from Sif Muna
 88806 | Crypt:3  | Got Sif Muna's Handbook of Force and Profane Mysteries {god
                  | gift}
 89324 | Crypt:3  | Reached skill level 10 in Staves
 90074 | Crypt:3  | Found a staircase to the Tomb.
 90102 | Crypt:3  | Noticed a dread lich
 90105 | Crypt:3  | Killed a dread lich
 90148 | Crypt:3  | Noticed an ancient lich
 90151 | Crypt:3  | Killed an ancient lich
 90276 | Crypt:3  | Identified the +5 great sword "Qeceg" {antimagic, Int+3}
 91091 | Slime:1  | Entered Level 1 of the Pits of Slime
 91847 | Slime:3  | Reached skill level 15 in Dodging
 92115 | Slime:3  | Received a gift from Sif Muna
 92122 | Slime:3  | Got Sif Muna's Compilation of the Misty Voyage {god gift}
 92337 | Slime:4  | Gained mutation: You sometimes lose your temper in combat.
                  | [a shining eye]
 92348 | Slime:4  | Lost mutation: You sometimes lose your temper in combat.
                  | [potion of mutation]
 92348 | Slime:4  | Gained mutation: You have an increased reservoir of magic.
                  | (+10% MP) [potion of mutation]
 92348 | Slime:4  | Gained mutation: Your tail ends in a venomous barb. [potion
                  | of mutation]
 92762 | Slime:5  | Entered Level 5 of the Pits of Slime
 92957 | Slime:5  | Paralysed by a formless jellyfish for 1 turns
 93078 | Slime:5  | Reached XP level 24. HP: 199/214 MP: 35/47
 93227 | Slime:5  | Noticed the Royal Jelly
 93645 | Slime:5  | Killed the Royal Jelly
 94363 | Slime:5  | Identified the ring of Liberty {Fly EV+5 Int+6}
 94827 | Slime:5  | Got a slimy rune of Zot
 95090 | Slime:5  | Identified the ring "Jativ" {rC- rCorr Str+5}
 96387 | Depths:3 | Received a gift from Sif Muna
 96498 | Depths:3 | Got Sif Muna's Progressing With Gnosis {god gift}
 96590 | Depths:2 | Learned a level 1 spell: Apportation
 97367 | Depths:3 | Found a one-way gateway to a ziggurat.
 98345 | Vaults:1 | Bought a scroll of enchant armour for 142 gold pieces
 98345 | Vaults:1 | Bought a scroll of enchant armour for 142 gold pieces
 98347 | Vaults:1 | Bought a scroll of teleportation for 57 gold pieces
 98517 | Elf:3    | Bought a scroll of fear for 64 gold pieces
 98517 | Elf:3    | Bought a scroll of teleportation for 48 gold pieces
 98782 | Depths:2 | You paid a toll of 8 scrolls of fear to enter a treasure
                  | trove
 98783 | Trove    | Entered a treasure trove
 98803 | Trove    | Identified the ring "Ysaul" {Fly rF+ Int+6 SInv}
 98971 | Depths:4 | Entered Level 4 of the Depths
100897 | Depths:4 | Identified the +1 scale mail "Byuvelets" {rF+ Str-5 Int+3
                  | Dex+8}
101050 | Depths:4 | Reached XP level 25. HP: 222/222 MP: 27/48
101493 | Depths:4 | Found a gate to the Realm of Zot.
101928 | Zot:1    | Entered Level 1 of the Realm of Zot
102806 | Zot:1    | Upgraded the game from 0.31-a0-1522-g43313d8a59 to
                  | 0.31-a0-1529-g7bd419a0e5
104026 | Zot:1    | Found the +4 skin of Zhor {*Englaciate rC+++ SInv}
106021 | Zot:1    | Learned a level 4 spell: Vhi's Electric Charge
106286 | Zot:1    | Gained mutation: You have sharp toenails. [mutagenic glow]
107339 | Zot:2    | Reached XP level 26. HP: 86/232 MP: 23/49
107960 | Zot:2    | Found the +7 great mace "Firestarter" {flame, immolate,
                  | rFlCloud rF++}
108594 | Zot:3    | Lost mutation: You have an increased reservoir of magic.
                  | (+10% MP) [mutagenic glow]
108606 | Zot:3    | Gained mutation: You sometimes lose your temper in combat.
                  | [mutagenic glow]
109510 | Depths:2 | Learned a level 7 spell: Spellforged Servitor
109934 | Zot:3    | Reached skill level 1 in Summonings
112899 | Vaults:5 | Entered Level 5 of the Vaults
113060 | Vaults:5 | Noticed a dread lich
113147 | Vaults:5 | Noticed an ancient lich
113156 | Vaults:4 | Gained mutation: You occasionally lose the ability to read
                  | scrolls when taking damage. [mutagenic glow]
113164 | Vaults:4 | Paralysed by a dread lich for 5 turns
113177 | Vaults:4 | Killed a dread lich
113324 | Vaults:4 | Lost mutation: You have sharp toenails. [potion of
                  | mutation]
113324 | Vaults:4 | Lost mutation: You sometimes lose your temper in combat.
                  | [potion of mutation]
113324 | Vaults:4 | Gained mutation: You have a pair of small antennae on your
                  | head. [potion of mutation]
113324 | Vaults:4 | Gained mutation: Your large and strong wings let you fly.
                  | [potion of mutation]
113325 | Vaults:4 | Lost mutation: Your tail ends in a venomous barb. [potion
                  | of mutation]
113325 | Vaults:4 | Lost mutation: You have a pair of small antennae on your
                  | head. [potion of mutation]
113325 | Vaults:4 | Gained mutation: You are vulnerable to cold. (rC-) [potion
                  | of mutation]
113325 | Vaults:4 | Gained mutation: You have sharp toenails. [potion of
                  | mutation]
113326 | Vaults:4 | Lost mutation: You occasionally lose the ability to read
                  | scrolls when taking damage. [potion of mutation]
113326 | Vaults:4 | Lost mutation: Your large and strong wings let you fly.
                  | [potion of mutation]
113327 | Vaults:4 | Lost mutation: You have sharp toenails. [potion of
                  | mutation]
113327 | Vaults:4 | Lost mutation: You are vulnerable to cold. (rC-) [potion of
                  | mutation]
113327 | Vaults:4 | Gained mutation: Your health recovers twice as slowly from
                  | being drained. [potion of mutation]
113335 | Vaults:5 | Killed an ancient lich
113343 | Vaults:5 | Reached XP level 27. HP: 211/246 MP: 3/45
114109 | Vaults:5 | Identified the staff "Lifebane" {rC+ Conj}
114425 | Vaults:5 | Identified the +4 scale mail "Wudecied" {Rampage *Slow SInv
                  | Stlth+}
114429 | Vaults:5 | Found the +11 plutonium sword {^Contam Stlth-}
114447 | Vaults:5 | Identified the +3 morningstar of Ockio {chaos, Fly rPois
                  | Stlth+}
114461 | Vaults:5 | Identified the +1 short sword "Gitol" {protect, Int+5}
114750 | Vaults:5 | Lost mutation: Your health recovers twice as slowly from
                  | being drained. [potion of mutation]
114750 | Vaults:5 | Gained mutation: You are occasionally teleported next to
                  | monsters. [potion of mutation]
114751 | Vaults:5 | Lost mutation: You are occasionally teleported next to
                  | monsters. [potion of mutation]
114751 | Vaults:5 | Gained mutation: Your muscles are strong. (Str +4, Int/Dex
                  | -1) [potion of mutation]
114751 | Vaults:5 | Gained mutation: You are resistant to electric shocks.
                  | (rElec) [potion of mutation]
114751 | Vaults:5 | Gained mutation: Your mind is acute. (Int +4, Str/Dex -1)
                  | [potion of mutation]
115496 | Vaults:5 | Got a silver rune of Zot
115699 | Vaults:5 | Identified the +0 short sword of Circularity {venom,
                  | *Corrode rElec rPois Stlth-}
117073 | Zot:5    | Entered Level 5 of the Realm of Zot
117622 | Zot:5    | Learned a level 5 spell: Yara's Violent Unravelling
117640 | Zot:5    | Reached skill level 1 in Hexes
117735 | Zot:5    | Noticed a dread lich
117739 | Zot:5    | Killed a dread lich
117973 | Zot:5    | Noticed an orb of fire
117973 | Zot:5    | Noticed an orb of fire
117981 | Zot:5    | Lost mutation: Your muscles are strong. (Str +4, Int/Dex
                  | -1) [an orb of fire]
117982 | Zot:5    | Killed an orb of fire
118104 | Zot:5    | Reached skill level 5 in Hexes
118211 | Zot:5    | Noticed an orb of fire
118256 | Zot:5    | Lost mutation: Your mind is acute. (Int +4, Str/Dex -1) [an
                  | orb of fire]
118257 | Zot:5    | Killed an orb of fire
118285 | Zot:5    | Noticed an orb of fire
118290 | Zot:5    | Killed an orb of fire
118586 | Zot:5    | Noticed an orb of fire
118589 | Zot:5    | Gained mutation: You occasionally lose the ability to read
                  | scrolls when taking damage. [an orb of fire]
118590 | Zot:5    | Killed an orb of fire
118592 | Zot:5    | Gained mutation: You are frail. (-10% HP) [an orb of fire]
118595 | Zot:5    | Killed an orb of fire
118752 | Zot:5    | Lost mutation: You occasionally lose the ability to read
                  | scrolls when taking damage. [potion of mutation]
118752 | Zot:5    | Lost mutation: You are frail. (-10% HP) [potion of
                  | mutation]
118752 | Zot:5    | Lost mutation: You are resistant to electric shocks.
                  | (rElec) [potion of mutation]
118752 | Zot:5    | Gained mutation: You have a pair of small horns on your
                  | head. [potion of mutation]
118752 | Zot:5    | Gained mutation: You are dopey. (Int -2) [potion of
                  | mutation]
118752 | Zot:5    | Gained mutation: Your flesh is heat resistant. (rF+)
                  | [potion of mutation]
119000 | Zot:5    | Noticed an orb of fire
119005 | Zot:5    | Killed an orb of fire
119039 | Zot:5    | Noticed an orb of fire
119045 | Zot:5    | Killed an orb of fire
119460 | Zot:5    | Got the Orb of Zot
120112 | D:1      | Noticed Pabron the pandemonium lord
120118 | D:$      | Escaped with the Orb!

Illustrated notes

Levels and vault maps discovered:
D:1:      eino_arrival_water_star, layout_basic, serial_shops, shop
D:2:      layout_loops_cross, shapermc_ecumenical_altar_pompeii,
          dk_noncrumbling_3, chequers_big_river
D:3:      layout_basic, corexii_hall_statues_i, uniq_terence, uniq_robin
D:4:      gammafunk_steamed_eel, layout_cave_pods, gup_sewer_entry_bowl,
          uniq_crazy_yiuf_cottage
D:5:      layout_basic, serial_aquarium, aquarium_bridge_square
          [aquarium_subvault_wall, aquarium_subvault_balcony,
          aquarium_subvault_wall, aquarium_subvault_bridge], aquarium_window_1,
          aquarium_window_2, aquarium_window_fake, aquarium_window_1,
          aquarium_view_2d, aquarium_balcony_double_2, aquarium_pool_2,
          uniq_ijyb
D:6:      layout_loops_ring, uniq_sigmund
D:7:      layout_loops_ring, temple_green, minivault_22, nrook_campfire,
          kennysheep_flooded_box, chequers_serial_rivers_micro_e,
          grunt_tough_drop
D:8:      layout_loops_cross, nicolae_overflows_in_rows, minivault_26
D:9:      layout_loops_ring, nicolae_take_the_stairs, st_stairs_13,
          kennysheep_generic_room_9
D:10:     layout_basic, orc_0_dummy, enter_bailey_2
D:11:     layout_long_grid, hellmonk_lair_entry_icy, portal_ice_cave_entry_imps,
          laboratory
D:12:     layout_cave_pools, kennysheep_path_1, nicolae_elevator_lobby_plus,
          uniq_fannar
D:13:     layout_rooms, erik_vaults_1, serial_shops, shop, serial_aquarium,
          aquarium_bridge_straight [aquarium_subvault_bridge,
          aquarium_subvault_wall, aquarium_subvault_bridge,
          aquarium_subvault_window], aquarium_window_fake,
          aquarium_window_corner, aquarium_window_2, aquarium_window_1,
          aquarium_view_2c, aquarium_pool_corner, hangedman_cracks_in_the_wall
D:14:     layout_basic, kennysheep_another_room, glass_columns_a
D:15:     grunt_enter_depths_giant_problem, layout_rooms
Temple:   grunt_temple_mini_profane
Lair:1:   layout_small_grid, gammafunk_ghost_icy, grunt_megastairs_2,
          infiniplex_staircase_pool_2, lemuel_fruit_fields
Lair:2:   layout_regular_city, nicolae_shoals_entry_roost,
          nicolae_volcano_entry_vermiform
Lair:3:   layout_roguey, guppyfry_snake_entry_island
Lair:4:   layout_hall_layers, minmay_slime_entry_jelly_boxes,
          gammafunk_ghost_ooze, basic_altar, uniq_josephine
Lair:5:   evil_forest, layout_concentric_octagons, gauntlet_entry_generic,
          gammafunk_ghost_hive
Shoals:1: layout_shoals
Shoals:2: layout_shoals, nicolae_shoals_lost_giant_amphitheater
Shoals:3: layout_shoals, nicolae_shoals_goliath_grotto
Shoals:4: shoals_end_simple, layout_shoals
Snake:1:  layout_misc_corridors, nicolae_snake_gridmaze_waves,
          grunt_megastairs_3, uniq_aizul, uniq_rupert, uniq_frances
Snake:2:  layout_cave_pods
Snake:3:  minmay_snake_river, layout_grid_shapes,
          nicolae_snake_slithery_corners, evilmike_ambush
          [evilmike_ambush_outer_doors, evilmike_ambush_inner_basic],
          grunt_megastairs_5
Snake:4:  grunt_snake_rune_pools, layout_cave_town, ebering_ghost_xom,
          serial_shops, nicolae_diamond_shop, nicolae_snake_round_shape_thing
Slime:1:  layout_caves
Slime:2:  layout_caves, uniq_dissolution
Slime:3:  layout_caves
Slime:4:  layout_caves, dissolution_awaits
Slime:5:  slime_pit_nicolae_inversion
Orc:1:    cheibrodos_orc_bank, layout_caves, ebering_ghost_rock_garden
Orc:2:    grunt_orc_community_town_hall, layout_diamond_mine,
          grunt_orc_community_big_house_2, grunt_orc_community_big_house_2,
          grunt_orc_community_house_1, grunt_orc_community_house_2,
          grunt_orc_community_house_1, grunt_orc_community_house_3,
          grunt_orc_community_house_2, serial_shops, nicolae_lakefront_shop,
          shop
Elf:1:    minmay_elf_arrival_plus, layout_geoelf_diagonals, serial_shops, shop,
          portal_desolation_entry_twin_temple, nicolae_elf_shapeshifter_party
Elf:2:    nicolae_elf_blades_crystal_corner, layout_loops_corners, serial_shops,
          shop, minmay_misc_feat_alley, nicolae_stop_n_shop_1,
          minmay_misc_feat_cross, corexii_leaking_fountain
Elf:3:    elf_hall, layout_gridlike, serial_shops, nicolae_square_shop,
          minmay_misc_feat_pillars
Vaults:1: v_misc_3, vaults_room_boxed, v_misc_26, hangedman_vaults_maws,
          nicolae_vaults_circle_grid_b, ontoclasm_vaults_shuriken,
          nicolae_vaults_storage_closets_1, layout_vaults_omnigrid,
          serial_shops, shop, shop, shop, nicolae_shop_back_alley_shop, shop
Vaults:2: nicolae_vaults_taking_the_gang_shopping, nicolae_vaults_what_the_h,
          nicolae_vaults_double_plus_1, nicolae_vaults_little_squares_3,
          nicolae_vaults_storage_room_statues, minmay_crypt_entry_simple_walls,
          layout_vaults_big_room, uniq_mennas
Vaults:3: v_misc_33, v_alt_pattern_5, serial_library_hellmonk_big_corner,
          vaults_room_fours, hangedman_vaults_stagger, hangedman_vaults_slice,
          ontoclasm_vaults_gateway, v_misc_22, v_alt_pattern_3,
          nicolae_vaults_theta, layout_vaults_ring, uniq_saint_roka, uniq_boris,
          uniq_bai_suzhen
Vaults:4: nicolae_vaults_ninety_degrees, vaults_standard_mumra_lines,
          hangedman_vaults_stitches, v_rooms_2, v_misc_24,
          nicolae_vaults_tetromino_L_1, hangedman_vaults_locks,
          nicolae_vaults_ring_of_whatevers, layout_vaults_omnibox
Vaults:5: serial_shops
Crypt:1:  layout_basic, mu_enter_wizlab_5, grunt_crypt_arrival_webbed,
          uniq_frederick, uniq_donald
Crypt:2:  layout_gridlike, grunt_megastairs_1, uniq_margery
Crypt:3:  quadcrypt_mu
Depths:1: layout_cave_shapes, kennysheep_doodads, serial_shops,
          nicolae_book_shop_shelving, serial_rivers,
          chequers_serial_rivers_marsh, chequers_serial_rivers_room_b,
          chequers_serial_rivers_micro_e, chequers_serial_rivers_large_a,
          chequers_serial_rivers_marsh, hangedman_coc_ice_floe,
          nicolae_kikubaaqudgha_miasma_corner, serial_bayou_shore_b,
          minmay_shop_grove, uniq_enchantress, uniq_mara
Depths:2: minmay_the_grid_octo_2x2 [minmay_the_grid_octo_fat_diamond,
          minmay_the_grid_octo_checkerflower, minmay_the_grid_octo_pinwheel,
          minmay_the_grid_octo_prize_ultimate_mussel_roller], layout_gridlike,
          nicolae_trove_entry_path_of_doom, pf_hell_entry_tar_spiral,
          grunt_pan_entry_spiral, abyss_entry_small_statue_room,
          nicolae_ashenzari_panopticon, infiniplex_staircase_zigzag_4
Depths:3: minmay_bubble_buster, layout_cave_pools, enter_ziggurat_a,
          hellmouth_1, abyss_entry
Depths:4: grunt_runaround [grunt_runaround_zot, grunt_runaround_doors_1,
          grunt_runaround_doors_2, grunt_runaround_doors_3,
          grunt_runaround_doors_4], hell_entry, serial_shops
Zot:1:    lemuel_acid_trip, layout_cathedral_of_symmetry
Zot:2:    layout_gridlike, bh_zot_lava_cross, lemuel_baited_zot_trap,
          zot_minivault_1
Zot:3:    layout_twisted_circle
Zot:4:    layout_gridlike, regret_index_zotdec_twisting_globes
Zot:5:    layout_gridlike

Skill      XL: |  1  2  3  4  5  6  7  8  9 10 11 12 13 14 15 16 17 18 19 20 21 22 23 24 25 26 27 |
---------------+----------------------------------------------------------------------------------+-----
Stealth        | 2 3 4 |  4.0
Conjurations   | 2 7 8 9 10 12 14 15 16 17 19 20 22 23 | 23.7
Air Magic      | 4 8 9 10 11 12 13 14 16 18 19 21 22 23 | 23.0
Spellcasting   | 6 7 8 9 10 11 12 14 15 17 18 20 | 20.2
Dodging        | 2 3 4 5 6 8 9 10 11 12 13 14 15 17 18 | 18.5
Fighting       | 2 3 4 6 7 9 11 12 13 14 15 16 17 18 20 21 | 21.5
Fire Magic     | 1 3 4 5 6 8 9 10 | 10.0
Short Blades   | 1 |  1.6
Long Blades    | 1 2 |  2.5
Invocations    | 3 6 8 10 11 12 | 12.0
Staves         | 1 3 6 8 12 | 12.0
Shields        | 5 6 7 9 10 11 12 | 12.0
Evocations     | 5 |  5.0
Ice Magic      | 1 5 |  5.1
Alchemy        | 4 |  4.0
Summonings     | 4 |  4.5
Hexes          | 6 |  6.1

Action                     |  1- 3 |  4- 6 |  7- 9 | 10-12 | 13-15 | 16-18 | 19-21 | 22-24 | 25-27 || total
---------------------------+-------+-------+-------+-------+-------+-------+-------+-------+-------++-------
  Melee: Unarmed           |     6 |       |       |       |       |       |       |       |       ||     6
         Tailslap          |     4 |     1 |     9 |    22 |   133 |    69 |   158 |   238 |   230 ||   864
         Club              |    12 |       |       |       |       |       |       |       |       ||    12
         Dagger            |    28 |     6 |       |       |       |       |       |       |       ||    34
         Punch             |     1 |       |     1 |       |       |       |       |       |       ||     2
         Short sword       |       |     6 |    18 |       |       |       |       |       |       ||    24
         Great sword       |       |       |    14 |       |       |       |       |       |       ||    14
         Falchion          |       |       |     9 |       |       |       |       |       |       ||     9
         Staff             |       |       |    12 |   106 |   690 |   368 |   630 |   372 |       ||  2178
         Bite              |       |       |       |       |    67 |    53 |   119 |   218 |   180 ||   637
         Bo                |       |       |       |       |       |       |       |   513 |   857 ||  1370
         Headbutt          |       |       |       |       |       |       |       |       |    19 ||    19
  Throw: Dart              |       |       |       |       |    16 |     4 |       |       |       ||    20
   Cast: Shock             |    74 |    78 |   150 |    94 |   139 |    25 |     2 |       |       ||   562
         Static Discharge  |       |     1 |    11 |     6 |     1 |       |       |       |       ||    19
         Airstrike         |       |     9 |    36 |    22 |    12 |       |       |       |       ||    79
         Flame Wave        |       |       |     1 |    39 |    47 |    16 |     5 |     6 |       ||   114
         Searing Ray       |       |       |       |    40 |    31 |     6 |     1 |       |       ||    78
         Arcjolt           |       |       |       |       |    87 |    24 |     3 |    92 |    74 ||   280
         Freezing Cloud    |       |       |       |       |   167 |   247 |   138 |    81 |    82 ||   715
         Swiftness         |       |       |       |       |     1 |       |       |       |       ||     1
         Orb of Destructio |       |       |       |       |     2 |   134 |   189 |   222 |   147 ||   694
         Plasma Beam       |       |       |       |       |       |     9 |    57 |    40 |    17 ||   123
         Irradiate         |       |       |       |       |       |    24 |    95 |   154 |   123 ||   396
         Maxwell's Capacit |       |       |       |       |       |       |     4 |    18 |    21 ||    43
         Apportation       |       |       |       |       |       |       |       |     4 |       ||     4
         Chain Lightning   |       |       |       |       |       |       |       |       |    40 ||    40
         Vhi's Electric Ch |       |       |       |       |       |       |       |       |     2 ||     2
         Spellforged Servi |       |       |       |       |       |       |       |       |     4 ||     4
         Shatter           |       |       |       |       |       |       |       |       |     2 ||     2
         Yara's Violent Un |       |       |       |       |       |       |       |       |     2 ||     2
 Invoke: Channel Magic     |       |       |       |       |       |       |       |     1 |     2 ||     3
         Divine Exegesis   |       |       |       |       |       |       |       |       |     2 ||     2
Ability: Breathe Acid      |       |       |     9 |     6 |    21 |     9 |    11 |     3 |     1 ||    60
  Evoke: Wand              |       |       |     6 |    11 |     6 |     2 |       |       |     4 ||    29
         Lightning rod     |       |       |       |       |     5 |     2 |       |     2 |       ||     9
         Sack of spiders   |       |       |       |       |     1 |     1 |     1 |       |       ||     3
         Phantom mirror    |       |       |       |       |       |     1 |     1 |       |       ||     2
    Use: Scroll            |       |    12 |     2 |     5 |    14 |     2 |     7 |     8 |    16 ||    66
         Potion            |       |     2 |     2 |     2 |     4 |     2 |     7 |     2 |    14 ||    35
   Stab: Sleeping          |     1 |       |       |       |     5 |     2 |     5 |     6 |       ||    19
         Distracted        |       |       |       |       |     3 |       |     1 |     2 |     3 ||     9
 Armour: Skin              |    31 |    25 |   143 |   191 |   554 |   495 |   485 |   688 |   885 ||  3497
  Dodge: Dodged            |    39 |    24 |    99 |   184 |   498 |   415 |   288 |   452 |   509 ||  2508
  Block: Buckler           |       |       |       |    33 |   167 |   154 |       |       |       ||   354
         Kite shield       |       |       |       |       |       |    33 |   515 |   754 |   586 ||  1888
         Reflection        |       |       |       |       |       |       |    49 |    21 |    33 ||   103

Table legend: (Time is in decaauts)
 A = Elapsed time spent in this place.
 B = Non-inter-level travel time spent in this place.
 C = Inter-level travel time spent in this place.
 D = Time resting spent in this place.
 E = Time spent auto-exploring this place.
 F = Levels seen in this place.
 G = Mean time per level.
                   A        B        C        D        E       F      G
               +--------+--------+--------+--------+--------+-----+--------+
         Total | 120533 | 109719 |  10814 |  46696 |  20466 |  62 | 1944.1 |
       Dungeon |  26534 |  23831 |   2703 |   9590 |   8165 |  15 | 1768.9 |
        Temple |     54 |      2 |     52 |      0 |      0 |   1 |   54.0 |
          Lair |   9868 |   8601 |   1267 |   3267 |   1725 |   5 | 1973.6 |
        Shoals |   6447 |   6116 |    331 |   2145 |   1474 |   4 | 1611.8 |
     Snake Pit |   9157 |   8641 |    516 |   3300 |   1062 |   4 | 2289.2 |
    Slime Pits |   4195 |   4055 |    140 |   2514 |    320 |   5 |  839.0 |
  Orcish Mines |   4692 |   4132 |    560 |   1888 |    161 |   2 | 2346.0 |
   Elven Halls |   6585 |   6049 |    536 |   2546 |   1210 |   3 | 2195.0 |
        Vaults |  14559 |  13338 |   1221 |   5749 |   2575 |   5 | 2911.8 |
         Crypt |   9116 |   8317 |    799 |   4116 |   1244 |   3 | 3038.7 |
        Depths |  14120 |  12485 |   1635 |   6168 |   1478 |   4 | 3530.0 |
           Zot |  12681 |  11631 |   1050 |   4327 |    861 |   5 | 2536.2 |
         Trove |     53 |     53 |      0 |      0 |      0 |   1 |   53.0 |
         Sewer |    295 |    295 |      0 |    132 |     44 |   1 |  295.0 |
        Bailey |    776 |    776 |      0 |    370 |     41 |   1 |  776.0 |
       Volcano |    765 |    765 |      0 |    338 |     44 |   1 |  765.0 |
        Wizlab |     64 |     64 |      0 |      0 |      0 |   1 |   64.0 |
      Gauntlet |    563 |    563 |      0 |    244 |     59 |   1 |  563.0 |
               +--------+--------+--------+--------+--------+-----+--------+

Top non-repeatable levels by time:
Depths:4: 4400 daAuts
Depths:2: 4381 daAuts
   Zot:1: 3962 daAuts
 Crypt:3: 3635 daAuts
    D:13: 3361 daAuts
Depths:1: 3357 daAuts
 Snake:4: 3344 daAuts
Vaults:1: 3309 daAuts
   Zot:2: 3227 daAuts
 Crypt:1: 3188 daAuts
   Orc:2: 3175 daAuts
Vaults:3: 3143 daAuts
Vaults:4: 3087 daAuts
Vaults:2: 2927 daAuts
    D:11: 2767 daAuts
